 Dungeon Sprint DCSS version 0.29.1-2-gbd0b4ee654 (webtiles) character file.

Game seed: 7044579867940415449

20660 boopmooplesden the Pulveriser (level 12, -7/136 HPs)
             Began as a Minotaur Berserker on Nov 27, 2022.
             Was the Champion of Trog.
             Killed from afar by an ice dragon (54 damage)
             ... with a blast of cold
             ... in the Dungeon (Sprint IX: "|||||||||||||||||||||||||||||").
             The game lasted 00:06:10 (2199 turns).

boopmooplesden the Pulveriser (Minotaur Berserker)  Turns: 2199, Time: 00:06:10

Health: -7/136     AC: 28    Str: 24    XL:     12   Next: 47%
Magic:  11/11      EV: 14    Int:  4    God:    Trog [******]
Gold:   1895       SH:  0    Dex: 13    Spells: 11/11 levels left

rFire   . . .      SeeInvis +   A - +2 quarterstaff "Imp's Nightmare" {vorpal, SInv}
rCold   x . .      Faith    .   (shield currently unavailable)
rNeg    + . .      Spirit   .   F - +7 chain mail of Nenixt {rC- rN+ rCorr Stlth+}
rPois   .          Reflect  .   (helmet restricted)
rElec   .          Harm     .   x - +0 cloak
rCorr   +          Rampage  +   n - +0 pair of gloves
Will    .....      NoTele   +   G - +0 pair of boots {rampage}
Stlth   ..........              (no amulet)
HPRegen 0.32/turn               p - +2 ring of protection
MPRegen 0.12/turn               q - +2 ring of evasion

@: on berserk cooldown, slowed, very slow
A: horns 2, retaliatory headbutt
a: Renounce Religion, Berserk, Trog's Hand, Brothers in Arms


You were in the Dungeon.
You worshipped Trog.
Trog was exalted by your worship.
You visited 1 branch You collected 1895 gold pieces.

Inventory:

Hand Weapons
 a - a +0 falchion
 b - a +3 lajatang of flaming
 l - a +2 scimitar of holy wrath
 m - a +4 quarterstaff of speed
 t - a +2 quarterstaff of flaming
 v - a +3 vorpal great sword
 w - a +2 triple sword of flaming
 y - a +2 vorpal quarterstaff
 A - the +2 quarterstaff "Imp's Nightmare" (weapon) {vorpal, SInv}
   (Trog gifted it to you in the Dungeon)

   It inflicts extra damage upon your enemies.
   SInv:      It lets you see invisible.
Armour
 n - a +0 pair of gloves (worn)
 x - a +0 cloak (worn)
 F - the +7 chain mail of Nenixt (worn) {rC- rN+ rCorr Stlth+}
   (You found it in the Dungeon)

   rC:        It makes you vulnerable to cold.
   rN:        It protects you from negative energy.
   rCorr:     It protects you from acid and corrosion.
   Stlth:     It makes you more stealthy.
 G - a +0 pair of boots of rampaging (worn)
 H - +1 ice dragon scales
Jewellery
 p - a +2 ring of protection (left hand)
 q - a +2 ring of evasion (right hand)
 B - a ring of ice
 C - a ring of fire
 D - a ring of willpower
 E - a ring of fire
Wands
 j - a wand of roots (19)
Scrolls
 h - 2 scrolls of blinking
 k - 2 scrolls of amnesia
 s - 5 scrolls of identify
 u - a scroll of fear
 I - 2 scrolls of enchant armour
 J - 2 scrolls of enchant weapon
Potions
 c - 6 potions of curing
 d - 2 potions of heal wounds
 e - 3 potions of haste
 f - 4 potions of magic
 g - 3 potions of berserk rage
 i - a potion of invisibility
 r - a potion of might


   Skills:
 + Level 21.1 Fighting
 + Level 13.6 Long Blades
 + Level 22.6 Staves
 + Level 16.7 Armour
 + Level 9.3 Dodging
 + Level 1.2 Stealth
 + Level 0.6 Evocations


You had 11 spell levels left.
You didn't know any spells.
Your spell library was empty.

Dungeon Overview and Level Annotations

Branches:
Dungeon (1/1)

Altars:
Cheibriados
Dithmenos
Elyvilon
Fedhas
Gozag
Hepliaklqana
Kikubaaqudgha
Makhleb
Nemelex Xobeh
Okawaru
Qazlal
Ru
Sif Muna
Trog
Uskayaw
Vehumet
Wu Jian
Xom
Yredelemnul
Zin
The Shining One
Jiyva
Lugonu

Shops:
D ((*:


Innate Abilities, Weirdness & Mutations

You have a pair of horns on your head.
You reflexively headbutt those who attack you in melee.


Message History

You are blown backwards!
You rampage towards the wind drake!
You are no longer berserk.
You are exhausted.
You feel yourself slow down.
Things that are here:
a +1 great mace of holy wrath; a +0 leather armour You barely miss the wind drake.
Your headbutt misses the wind drake.
The wind drake is almost dead.
The wind drake misses you. The wind drake closely misses you.
You furiously retaliate!
You headbutt the wind drake!
You kill the wind drake!
Trog accepts your kill. Trog grants you a weapon!
Something appears at your feet!
You see here a +3 lajatang of flaming.
b - a +3 lajatang of flaming The spark wasp stings you!
The spark wasp shocks you!
A deep troll shaman comes into view.
The spark wasp stings you but does no damage.
The deep troll shaman shouts!
You bludgeon the spark wasp!!
The spark wasp is heavily wounded.
The spark wasp stings you but does no damage.
You sock the spark wasp!
The spark wasp is severely wounded.
The spark wasp misses you.
You barely miss the spark wasp.
The spark wasp is severely wounded.
The spark wasp stings you! The spark wasp shocks you!
The spark wasp stings you! The spark wasp shocks you!
You bludgeon the spark wasp!!
You kill the spark wasp!
Trog accepts your kill.
A two-headed ogre comes into view.
Your Fighting skill increases to level 21!
You bludgeon the ice dragon!!
The ice dragon is moderately wounded.
The ice dragon breathes frost at you. The blast of cold hits you!!!
You feel a terrible chill!
You die...

.††††††....†††......[?[:'..[[.[..
▓▓▓▓▓▓▓▓▓▓▓▓▓▓▓▓▓▓▓▓▓▓▓▓▓▓▓▓▓▓▓▓▓
.................................
▓▓▓▓▓▓▓▓▓▓▓▓▓▓▓▓▓▓▓▓▓▓▓▓▓▓▓▓▓▓▓▓▓
))........))))))∩)∩)∩.∩.....'....
▓▓▓▓▓▓▓▓▓▓▓▓▓▓▓▓▓▓▓▓▓▓▓▓▓▓▓▓▓▓▓▓▓
..............)..................
▓▓▓▓▓▓▓▓▓▓▓▓▓▓▓▓▓▓▓▓▓▓▓▓▓▓▓▓▓▓▓▓▓
[[...!....[.))).@DC.CT.O
▓▓▓▓▓▓▓▓▓▓▓▓▓▓▓▓▓▓▓▓▓▓▓▓


You could see an ice dragon (catching breath), 2 ettins, a two-headed ogre and a
deep troll shaman.

Vanquished Creatures
  A stone giant (D)
  A spark wasp (D)
  3 hydras (D)
  4 ogre magi (D)
  3 two-headed ogres (D)
  Erolcha (D)
  A centaur warrior (D)
  A catoblepas (D)
  A tengu warrior (D)
  3 lindwurms (D)
  A deep elf pyromancer (D)
  A cyclops (D)
  3 elephants (D)
  A black mamba (D)
  Maurice (D)
  4 komodo dragons (D)
  2 cane toads (D)
  2 rime drakes (D)
  A polar bear (D)
  A wind drake (shapeshifter) (D)
  3 tyrant leeches (D)
  A blink frog (D)
  A slime creature (D)
  A vampire (D)
  A yak (D)
  2 vampire mosquitoes (D)
  A basilisk (D)
  A water moccasin (D)
  7 ogres (D)
  8 orc warriors (D)
  3 centaurs (D)
  A bullfrog (D)
  2 howler monkeys (D)
  An orc priest (D)
  A hound (D)
  7 orc wizards (D)
  2 adders (D)
  An ufetubus (D)
  A dart slug (D)
  6 orcs (D)
  An endoplasm (D)
  A jackal (D)
  A quokka (D)
  A kobold (D)
91 creatures vanquished.

Vanquished Creatures (collateral kills)
  A lindwurm (D)
  An orc knight (D)
  2 orc warriors (D)
  An orc priest (D)
  A worm (D)
6 creatures vanquished.

Grand Total: 97 creatures vanquished

Notes
Turn   | Place    | Note
-------+----------+-------------------------------------------
     0 | D        | boopmooplesden the Minotaur Berserker began the quest for
                  | the Orb.
     0 | D        | Reached XP level 1. HP: 19/19 MP: 0/0
    12 | D        | Reached ** piety under Trog
    21 | D        | Noticed a howler monkey
    21 | D        | Noticed a hound
    29 | D        | Reached skill level 5 in Fighting
    29 | D        | Reached skill level 5 in Long Blades
    29 | D        | Reached XP level 2. HP: 29/29 MP: 1/1
    29 | D        | Killed a howler monkey
    29 | D        | Reached *** piety under Trog
    30 | D        | Reached XP level 3. HP: 38/38 MP: 2/2
    35 | D        | Reached XP level 4. HP: 47/47 MP: 3/3
    43 | D        | Found a snail-covered altar of Cheibriados.
    43 | D        | Found a shadowy altar of Dithmenos.
    43 | D        | Found a white marble altar of Elyvilon.
    43 | D        | Found a blossoming altar of Fedhas.
    43 | D        | Found an opulent altar of Gozag.
    44 | D        | Found a hazy altar of Hepliaklqana.
    45 | D        | Found a viscous altar of Jiyva.
    46 | D        | Found an ancient bone altar of Kikubaaqudgha.
    47 | D        | Found a corrupted altar of Lugonu.
    48 | D        | Found a burning altar of Makhleb.
    49 | D        | Found a sparkling altar of Nemelex Xobeh.
    50 | D        | Found an iron altar of Okawaru.
    51 | D        | Found a stormy altar of Qazlal.
    52 | D        | Found a sacrificial altar of Ru.
    53 | D        | Found a shimmering blue altar of Sif Muna.
    54 | D        | Found a bloodstained altar of Trog.
    55 | D        | Found a hide-covered altar of Uskayaw.
    56 | D        | Found a radiant altar of Vehumet.
    57 | D        | Found an ornate altar of the Wu Jian Council.
    58 | D        | Found a shimmering altar of Xom.
    59 | D        | Found a basalt altar of Yredelemnul.
    60 | D        | Found a glowing silver altar of Zin.
    61 | D        | Found a glowing golden altar of the Shining One.
   113 | D        | Noticed a centaur
   113 | D        | Noticed a centaur
   113 | D        | Noticed an orc warrior
   113 | D        | Noticed a centaur
   116 | D        | Killed a centaur
   116 | D        | Reached **** piety under Trog
   117 | D        | Reached skill level 5 in Dodging
   117 | D        | Reached XP level 5. HP: 56/56 MP: 4/4
   122 | D        | Reached skill level 1 in Staves
   125 | D        | Killed a centaur
   126 | D        | Reached skill level 10 in Long Blades
   126 | D        | Reached skill level 2 in Staves
   126 | D        | Reached skill level 5 in Armour
   126 | D        | Reached XP level 6. HP: 66/66 MP: 5/5
   133 | D        | Killed an orc warrior
   134 | D        | Reached skill level 10 in Fighting
   134 | D        | Reached skill level 4 in Staves
   135 | D        | Reached ***** piety under Trog
   286 | D        | Noticed a vampire mosquito
   286 | D        | Noticed a slime creature
   286 | D        | Noticed a catoblepas
   286 | D        | Noticed a vampire
   286 | D        | Noticed a cyclops
   286 | D        | Noticed a basilisk
   294 | D        | Killed a slime creature
   295 | D        | Reached skill level 6 in Staves
   295 | D        | Reached XP level 7. HP: 74/74 MP: 6/6
   298 | D        | Killed a vampire mosquito
   299 | D        | Reached skill level 7 in Staves
   305 | D        | Killed a catoblepas
   305 | D        | Received a gift from Trog
   306 | D        | Reached skill level 9 in Staves
   306 | D        | Reached XP level 8. HP: 39/85 MP: 7/7
   315 | D        | Reached skill level 10 in Staves
   318 | D        | Killed a cyclops
   319 | D        | Reached skill level 11 in Staves
   323 | D        | Reached XP level 9. HP: 14/93 MP: 8/8
   738 | D        | Noticed an elephant
   738 | D        | Noticed a komodo dragon
   738 | D        | Noticed a komodo dragon
   738 | D        | Noticed a cane toad
   738 | D        | Noticed a cane toad
   743 | D        | Killed an elephant
   744 | D        | Reached skill level 12 in Staves
   744 | D        | Noticed a komodo dragon
   748 | D        | Killed a komodo dragon
   749 | D        | Reached skill level 13 in Staves
   752 | D        | Killed a komodo dragon
   753 | D        | Reached skill level 14 in Staves
   754 | D        | Killed a cane toad
   755 | D        | Noticed a komodo dragon
   757 | D        | Killed a cane toad
   758 | D        | Reached skill level 15 in Staves
   765 | D        | Killed a komodo dragon
   769 | D        | Killed a komodo dragon
   769 | D        | Received a gift from Trog
   770 | D        | Reached skill level 16 in Staves
   770 | D        | Reached XP level 10. HP: 104/104 MP: 9/9
   850 | D        | Noticed a seven-headed hydra
   850 | D        | Noticed a black mamba
   850 | D        | Noticed an elephant
   855 | D        | Killed a seven-headed hydra
   856 | D        | Reached skill level 15 in Fighting
   856 | D        | Reached skill level 17 in Staves
   856 | D        | Noticed an elephant
   862 | D        | Killed a black mamba
   865 | D        | Reached ****** piety under Trog
   871 | D        | Killed an elephant
   872 | D        | Reached skill level 18 in Staves
   872 | D        | Reached skill level 10 in Armour
   875 | D        | Killed an elephant
   881 | D        | Received a gift from Trog
   917 | D        | Noticed a lindwurm
   917 | D        | Noticed a lindwurm
   917 | D        | Noticed a lindwurm
   921 | D        | Noticed a lindwurm
   931 | D        | Reached skill level 19 in Staves
   936 | D        | Killed a lindwurm
   941 | D        | Killed a lindwurm
   942 | D        | Reached XP level 11. HP: 55/116 MP: 10/10
   945 | D        | Killed a lindwurm
   945 | D        | Received a gift from Trog
   956 | D        | Killed a lindwurm
   957 | D        | Reached skill level 20 in Staves
  1149 | D        | Noticed Erolcha
  1171 | D        | Killed Erolcha
  1273 | D        | Received a gift from Trog
  1285 | D        | Received a gift from Trog
  1450 | D        | Noticed a stone giant
  1454 | D        | Received a gift from Trog
  1455 | D        | Noticed an orc knight
  1462 | D        | Killed a stone giant
  1479 | D        | Killed an orc knight
  1874 | D        | Found Qexagemp's Weapon Emporium.
  1874 | D        | Noticed an ogre mage
  1874 | D        | Noticed a two-headed ogre
  1874 | D        | Noticed an ogre mage
  1879 | D        | Killed an ogre mage
  1879 | D        | Received a gift from Trog
  1880 | D        | Reached skill level 21 in Staves
  1880 | D        | Found Qiywe's Weapon Shoppe.
  1884 | D        | Killed a two-headed ogre
  1887 | D        | Killed an ogre mage
  1888 | D        | Found Woyv Avvik's General Store.
  1896 | D        | Found Bemi's Book Shoppe.
  1903 | D        | Identified the +2 quarterstaff "Imp's Nightmare" {vorpal,
                  | SInv} (Trog gifted it to you in the Dungeon)
  1903 | D        | Received a gift from Trog
  1903 | D        | Noticed a two-headed ogre
  1904 | D        | Noticed a two-headed ogre
  1905 | D        | Noticed an ogre mage
  1915 | D        | Killed a two-headed ogre
  1922 | D        | Killed a two-headed ogre
  1930 | D        | Killed an ogre mage
  1930 | D        | Received a gift from Trog
  1931 | D        | Reached skill level 15 in Armour
  1931 | D        | Reached XP level 12. HP: 94/132 MP: 11/11
  2019 | D        | Noticed Maurice
  2032 | D        | Killed Maurice
  2110 | D        | Got the +7 chain mail of Nenixt {rC- rN+ rCorr Stlth+}
  2160 | D        | Noticed an ogre mage
  2160 | D        | Noticed a five-headed hydra
  2160 | D        | Noticed a centaur warrior
  2160 | D        | Noticed a four-headed hydra
  2164 | D        | Killed an ogre mage
  2164 | D        | Noticed a tengu warrior
  2165 | D        | Reached skill level 22 in Staves
  2165 | D        | Reached skill level 1 in Stealth
  2168 | D        | Killed a five-headed hydra
  2171 | D        | Received a gift from Trog
  2176 | D        | Killed a centaur warrior
  2177 | D        | Noticed a spark wasp
  2179 | D        | Killed a four-headed hydra
  2180 | D        | Noticed an ice dragon
  2182 | D        | Noticed an ettin
  2187 | D        | Noticed an ettin
  2188 | D        | Killed a tengu warrior
  2193 | D        | Received a gift from Trog
  2194 | D        | Noticed a deep troll shaman
  2198 | D        | Killed a spark wasp
  2198 | D        | Noticed a two-headed ogre
  2199 | D        | Killed from afar by an ice dragon

Illustrated notes

Levels and vault maps discovered:
D:        linesprint [early_d, line_temple, items_1, d_10, items_2, lair_1,
          lair_end, items_3, orc_1, orc_end, items_4, d_15, swamp_1, shoals_1,
          snake_1, spider_1, d_20, vaults_1, items_5, swamp_end, shoals_end,
          snake_end, spider_end, vaults_end, d_27, items_6, zot_1, zot_end,
          crypt_end, forest_end, elf_end, slime_end, tomb_end, abyss_end,
          pan_hell_end]

Skill      XL: |  1  2  3  4  5  6  7  8  9 10 11 12 |
---------------+-------------------------------------+-----
Fighting       | 5 6 7 8 9 11 12 13 14 16 19 21 | 21.1
Long Blades    | 5 6 7 9 10 12 13 | 13.6
Armour         | 3 4 5 6 7 8 11 15 16 | 16.7
Dodging        | 3 4 5 6 7 8 9 |  9.3
Staves         | 2 6 9 11 16 19 21 22 | 22.6
Stealth        | 1 |  1.2
Evocations     | |  0.6

Action                   |  1- 3 |  4- 6 |  7- 9 | 10-12 || total
-------------------------+-------+-------+-------+-------++-------
Melee: Falchion          |    22 |     3 |       |       ||    25
       Headbutt          |     4 |     4 |    14 |    42 ||    64
       Quarterstaff      |       |    25 |    53 |   213 ||   291
Invok: Berserk           |     1 |     2 |     1 |     6 ||    10
       Brothers in Arms  |       |       |       |     2 ||     2
Evoke: Wand              |       |       |       |     1 ||     1
  Use: Scroll            |       |       |     2 |     1 ||     3
       Potion            |       |       |       |     3 ||     3
Armor: Animal skin       |     5 |       |       |       ||     5
       Chain mail        |       |     6 |     2 |    49 ||    57
       Plate armour      |       |       |       |     4 ||     4
Dodge: Dodged            |    17 |    10 |    10 |    53 ||    90
